Workbook

Sheet STAGE 3 Risk register template
A2: STAGE 3 Risk Register template - using example risk matrix criteria presented in CHAP guidelines
A4: Asset or value | B4: Description | C4: Owner/responsibility | D4: Location/compartment | E4: Hazard Type | F4: Planning Horizon | G4: Likelihood | H4: Consequence | I4: Risk Rating
A5: List assets and values individually (or group where appropriate) in line with the asset identification stage (Section 3.1 of Guidelines). | B5: Provide contextual information to the individual (or grouped) asset or value. (e.g. condition and assumptions regarding failure). | C5: Where known, identify asset owner (e.g. private, state, local government). | D5: Only applicable if CHAP study area into represetend in sections of segments. | E5: Linked to risk look up table worksheet, add additional hazards if applicable. | F5: Linked to risk look up table worksheet, add or remove horizons if applicable. | G5: Linked to risk look up table worksheet, using example risk matrix in CHAP Guidelines. | H5: Linked to risk look up table worksheet, using example risk matrix in CHAP Guidelines. | I5: Linked to risk look up table worksheet, using example risk matrix in CHAP Guidelines.
A6: e.g. beach access stairs | B6: e.g. physical location and condition | C6: e.g. Council | D6: E.g. Segment | E6: Erosion | F6: Present | G6: Rare | H6: Moderate | I6: =INDEX('Risk lookup table'!$C$7:$G$10,MATCH('STAGE 3 Risk register template'!G6,'Risk lookup table'!$B$7:$B$10,0),MATCH('STAGE 3 Risk register template'!H6,'Risk lookup table'!$C$6:$G$6,0)) -> Low
C7: e.g. Private | E7: Erosion | F7: 2050 | G7: Possible | H7: Moderate | I7: =INDEX('Risk lookup table'!$C$7:$G$10,MATCH('STAGE 3 Risk register template'!G7,'Risk lookup table'!$B$7:$B$10,0),MATCH('STAGE 3 Risk register template'!H7,'Risk lookup table'!$C$6:$G$6,0)) -> Medium
E8: Erosion | F8: 2070 | G8: Likely | H8: Moderate | I8: =INDEX('Risk lookup table'!$C$7:$G$10,MATCH('STAGE 3 Risk register template'!G8,'Risk lookup table'!$B$7:$B$10,0),MATCH('STAGE 3 Risk register template'!H8,'Risk lookup table'!$C$6:$G$6,0)) -> High
E9: Erosion | F9: 2100 | G9: Almost Certain | H9: Moderate | I9: =INDEX('Risk lookup table'!$C$7:$G$10,MATCH('STAGE 3 Risk register template'!G9,'Risk lookup table'!$B$7:$B$10,0),MATCH('STAGE 3 Risk register template'!H9,'Risk lookup table'!$C$6:$G$6,0)) -> Extreme
I10: =INDEX('Risk lookup table'!$C$7:$G$10,MATCH('STAGE 3 Risk register template'!G10,'Risk lookup table'!$B$7:$B$10,0),MATCH('STAGE 3 Risk register template'!H10,'Risk lookup table'!$C$6:$G$6,0)) -> #N/A
I11: =INDEX('Risk lookup table'!$C$7:$G$10,MATCH('STAGE 3 Risk register template'!G11,'Risk lookup table'!$B$7:$B$10,0),MATCH('STAGE 3 Risk register template'!H11,'Risk lookup table'!$C$6:$G$6,0)) -> #N/A
I12: =INDEX('Risk lookup table'!$C$7:$G$10,MATCH('STAGE 3 Risk register template'!G12,'Risk lookup table'!$B$7:$B$10,0),MATCH('STAGE 3 Risk register template'!H12,'Risk lookup table'!$C$6:$G$6,0)) -> #N/A
I13: =INDEX('Risk lookup table'!$C$7:$G$10,MATCH('STAGE 3 Risk register template'!G13,'Risk lookup table'!$B$7:$B$10,0),MATCH('STAGE 3 Risk register template'!H13,'Risk lookup table'!$C$6:$G$6,0)) -> #N/A
I14: =INDEX('Risk lookup table'!$C$7:$G$10,MATCH('STAGE 3 Risk register template'!G14,'Risk lookup table'!$B$7:$B$10,0),MATCH('STAGE 3 Risk register template'!H14,'Risk lookup table'!$C$6:$G$6,0)) -> #N/A
I15: =INDEX('Risk lookup table'!$C$7:$G$10,MATCH('STAGE 3 Risk register template'!G15,'Risk lookup table'!$B$7:$B$10,0),MATCH('STAGE 3 Risk register template'!H15,'Risk lookup table'!$C$6:$G$6,0)) -> #N/A
I16: =INDEX('Risk lookup table'!$C$7:$G$10,MATCH('STAGE 3 Risk register template'!G16,'Risk lookup table'!$B$7:$B$10,0),MATCH('STAGE 3 Risk register template'!H16,'Risk lookup table'!$C$6:$G$6,0)) -> #N/A
I17: =INDEX('Risk lookup table'!$C$7:$G$10,MATCH('STAGE 3 Risk register template'!G17,'Risk lookup table'!$B$7:$B$10,0),MATCH('STAGE 3 Risk register template'!H17,'Risk lookup table'!$C$6:$G$6,0)) -> #N/A
I18: =INDEX('Risk lookup table'!$C$7:$G$10,MATCH('STAGE 3 Risk register template'!G18,'Risk lookup table'!$B$7:$B$10,0),MATCH('STAGE 3 Risk register template'!H18,'Risk lookup table'!$C$6:$G$6,0)) -> #N/A
I19: =INDEX('Risk lookup table'!$C$7:$G$10,MATCH('STAGE 3 Risk register template'!G19,'Risk lookup table'!$B$7:$B$10,0),MATCH('STAGE 3 Risk register template'!H19,'Risk lookup table'!$C$6:$G$6,0)) -> #N/A
I20: =INDEX('Risk lookup table'!$C$7:$G$10,MATCH('STAGE 3 Risk register template'!G20,'Risk lookup table'!$B$7:$B$10,0),MATCH('STAGE 3 Risk register template'!H20,'Risk lookup table'!$C$6:$G$6,0)) -> #N/A
I21: =INDEX('Risk lookup table'!$C$7:$G$10,MATCH('STAGE 3 Risk register template'!G21,'Risk lookup table'!$B$7:$B$10,0),MATCH('STAGE 3 Risk register template'!H21,'Risk lookup table'!$C$6:$G$6,0)) -> #N/A
... I52: =INDEX('Risk lookup table'!$C$7:$G$10,MATCH('STAGE 3 Risk register template'!G52,'Risk lookup table'!$B$7:$B$10,0),MATCH('STAGE 3 Risk register template'!H52,'Risk lookup table'!$C$6:$G$6,0)) -> #N/A

Sheet Risk lookup table
A2: Risk Register look up table - using example risk matrix criteria presented in CHAP guidelines
B4: Example risk matrix
C5: Consequence
C6: Negligible | D6: Minor | E6: Moderate | F6: Major | G6: Catastrophic | J6: Hazard Type | K6: Time Horizon
A7: Likelihood | B7: Almost Certain | C7: Medium | D7: High | E7: Extreme | F7: Extreme | G7: Extreme | J7: Erosion | K7: Present
B8: Likely | C8: Medium | D8: Medium | E8: High | F8: Extreme | G8: Extreme | J8: Inundation | K8: 2050
B9: Possible | C9: Low | D9: Medium | E9: Medium | F9: High | G9: Extreme | K9: 2070
B10: Rare | C10: Low | D10: Low | E10: Low | F10: Medium | G10: High | K10: 2100
B13: Example risk rating definitions
B14: Extreme | C14: Risks are intolerable, requiring immediate implementation of risk management measures
B15: High | C15: Risks are the most severe that can be tolerated and need monitoring in the short term as risk management measures are likely to be needed in the short-term
B16: Medium | C16: Risk can be tolerated and need monitoring in the short to medium term
B17: Low | C17: Risk can be accepted, no risk management measures will be required in the short to medium term other than monitoring

Sheet STAGE 4 MCA criteria template 
A2: STAGE 4 Multi Criteria Assessment - example criteria
A4: Category | C4: Planning and implementation | D4: Environmental Impact | E4: Social Impact | F4: Flexibility | G4: Effectiveness | H4: Financial
A5: Description | C5: How easy is the option to implement ? | D5: Does the option have a detrimental or beneficial impact to the environment? | E5: Does the option have a detrimental or beneficial impact to social values and way of life? | F5: Is the option reversible / adaptable in the future? | G5: How effective is the solution at mitigating erosion and inundation risks? | H5: How much does the option cost? NOTE: Scale will need to change for eeach placed based context
A6: Considerations | C6: - Implementation timeframe - Approval processes -Practicalities of sourcing materials - Contractors available with the required skill set | D6: - Amenity and public health (noise, dust, noise, odors) impacts - Distance to sensitive receptors - Scale of disturbance to marine habitat, water quality vulnerable/ protected species - Promotes marine and natural environment | E6: - Social appetite of adaptation action - Disruption and promotion to everyday way of life - Disruption to local businesses - Impacts or supports what community values | F6: - Reversibility of option - Adaptable to unforeseen changes in climate conditions - Alignment with potential long term adaptation pathways | G6: - Effectiveness against identified hazard | H6: -Combined capital and maintenance costs -Potential for external funding sources
A7: 5 | B7: Insignificant impacts OR Very low risk | C7: - Abundant and sustainable source of material - Approval process straightforward - Number of contractors with required skills to perform works - Planning and design straightforward | D7: Preserves and repairs | E7: - Improves everyday way of life and to what community value - No opposition to option | F7: Easily reversible or adaptable | G7: Effective, long term mitigation | H7: <$25,000
A8: 4 | B8: Minor impacts OR Low risk | C8: - Sustainable source of material - Approval process likely to take time however unlikely to be challenging - Contractors required skills to perform works are within the state however not local/regional - Planning and design OK | D8: Maintains status quo | E8: - Some improvement on everyday way of life and to what community value - Minor opposition to option | F8: Reversible or adaptable | G8: Effective, mid-term mitigation | H8: $25,000 - $100,000
A9: 3 | B9: Moderate impacts OR Medium Risk | C9: - Sustainable source of material beyond 2050 becomes challenging - Approval process and planning likely to be challenging - Contractors required skills to perform works are within the state however not local/regional - Planning and design likely to be challenging | D9: May result in impact and damage | E9: - Short term minor impact everyday way of life and to what community value however longer term improvement - Both opposition and support for the option | F9: Reversible or adaptable but with some cost | G9: Effective, short term mitigation | H9: $100,000 - $250,000
A10: 2 | B10: Major impacts OR High risk | C10: - Complex planning and approvals process, - Material challenge to source - Some examples of like for like projects or contractors with required skills to perform | D10: Likely to result in impact and damage | E10: - Short term significant impacts to everyday way of life and to what community value, minor long term impacts to everyday way of life and what the community value - More opposition to the option thank support | F10: Difficult to reverse or adapt | G10: Limited effectiveness | H10: $250,000 - $1,000,000
A11: 1 | B11: Severe impacts OR Very high risk | C11: - Extremely complex planning and approvals process, - Ongoing sustained sourcing of materials unclear - No examples of like for like projects or contractors with required skills to perform | D11: Will result in impact and damage | E11: '- Major short term impact everyday way of life and to what community value, irreversible long term impacts to the what the community value - Strong opposition to option | F11: Irreversible or unadaptable | G11: Ineffective and/or suitable only for minor events | H11: >$1 million

Sheet STAGE 4 pathways template 
A2: STAGE 4 Adaptation pathways template
A4: Adaptation Option | B4: Present | C4: 2050 | D4: 2070 | E4: 2100
A5: Avoid | G5: Steps:
A6: Accommodate | G6: 1. Insert rows and description for adaptation actions (e.g. Avoid - Limit development of new sites within coastal hazard areas) under each Adaptation Option in line with CHAP recommendations
A7: Retreat | G7: 2. Insert icons and pathways in line with CHAP recommendations using legend below
A8: Protect | G8: 3. Consider if adaptation action preparation (e.g. planning, approvals) needs to be capture
A9: Nature based | G9: Note: this template provide a simplistic approach to capturing and communicating adaptation pathways, more complex pathway plan examples are presented in Victoria's Resilient Coast: Adaptation Pathways Temples Guide (BMT, 2023)
A10: Soft or hard engineering options
A12: Legend
A13: ● | B13: Action commences or decision point (when trigger value is reached)
B14: Recommended adaptation pathway
B15: Alternative adaptation pathway

Sheet STAGE 5Implementation template 
A2: STAGE 5 Adaptation implementation template
A4: Priority | B4: Action | C4: Compartment | D4: Description | E4: Cost | F4: Responsibility | G4: Timing
A5: 1 | B5: The recommended adaptation action in order of priority (e.g. investigations, engagement, physical works, monitoring). | C5: This is only applicable if study area has been broken up into Segments/sections. | D5: Describe the scope of the action (e.g. may include approvals, planning, design, engagement or physical works). | E5: Define costs associated with implementing the defined actions. This must consider both capital and recurrent costs. | F5: Defining the responsible council officers, agencies or entities for the defined action. | G5: Including triggers which would prompt the lead organisation and other responsible stakeholders to implement the actions.
A6: 2
A7: 3
A8: 4
A9: 5
A10: 6
A11: 7
A12: 8
A13: 9
A14: 10
